 Dungeon Crawl Stone Soup version 0.20-a0-1089-g3fde505 (webtiles) character file.

993 Rrauwl the Reanimator (level 7, -4/38 HPs)
             Began as a Deep Elf Necromancer on May 4, 2017.
             Slain by an ogre
             ... wielding a +0 giant club
              (9 damage)
             ... on level 6 of the Dungeon.
             The game lasted 00:25:50 (6836 turns).

Rrauwl the Reanimator (Deep Elf Necromancer)        Turns: 6836, Time: 00:25:51

Health: -4/38      AC:  4    Str:  7    XL:     7   Next: 98%
Magic:  0/13       EV: 14    Int: 20    God:
Gold:   176        SH:  0    Dex: 18    Spells: 1/12 levels left

rFire    . . .     SeeInvis .   g - -3 mace (curse)
rCold    . . .     Gourm    .   (no shield)
rNeg     + . .     Faith    .   a - +0 robe
rPois    .         Spirit   .   r - +0 hat
rElec    .         Reflect  .   (no cloak)
rCorr    .         Harm     .   (no gloves)
MR       .....                  l - +1 pair of boots
Stlth    +++.......             (no amulet)
Regen    0.2/turn               h - ring of positive energy
MPRegen  0.2/turn               o - +3 ring of dexterity

@: no status effects
A: no striking features
a: no special abilities


You were on level 6 of the Dungeon.
You were not hungry.

You visited 2 branches of the dungeon, and saw 7 of its levels.

You collected 176 gold pieces.

Inventory:

Hand Weapons
 g - a cursed -3 mace (weapon)
 j - a +0 shortbow
 p - a +2 trident of protection
Missiles
 t - 19 arrows
Armour
 a - a +0 robe (worn)
 l - a +1 pair of boots (worn)
 r - a +0 hat (worn)
Jewellery
 h - a ring of positive energy (left hand)
 o - a +3 ring of dexterity (right hand)
Wands
 m - a wand of polymorph (15/24)
 q - a wand of lightning (0/15)
Scrolls
 d - 5 scrolls of identify
 e - 6 scrolls of teleportation
 i - 3 scrolls of enchant armour
 k - 2 scrolls of amnesia
Potions
 n - a potion of flight
Books
 b - a book of Necromancy

   Spells                             Type                      Level
   a - Pain                           Necromancy                   1
   b - Animate Skeleton               Necromancy                   1
   c - Vampiric Draining              Necromancy                   3
   d - Regeneration                   Charms/Necromancy            3
   e - Animate Dead                   Necromancy                   4
   f - Control Undead                 Necromancy                   4
 u - a Young Poisoner's Handbook

   Spells                             Type                      Level
   a - Sting                          Conjuration/Poison           1
   b - Poisonous Vapours              Poison/Air                   2
   c - Mephitic Cloud                 Conjuration/Poison/Air       3
   d - Olgreb's Toxic Radiance        Poison                       4
   e - Venom Bolt                     Conjuration/Poison           5
Comestibles
 c - 4 bread rations
 f - a meat ration
 s - 2 royal jellies
 v - a chunk of flesh


   Skills:
 - Level 1.0 Fighting
 + Level 1.9 Bows
 - Level 3.0 Dodging
 - Level 3.1 Stealth
 - Level 3.0 Spellcasting
 - Level 3.0 Charms
 + Level 10.5 Necromancy
 + Level 2.1 Evocations


You had one spell level left.
You knew the following spells:

 Your Spells              Type           Power        Failure   Level  Hunger
a - Pain                  Necr           ####         1%          1    None
b - Regeneration          Chrm/Necr      ####......   2%          3    ###....
c - Control Undead        Necr           #####.....   1%          4    ####...
d - Mephitic Cloud        Conj/Pois/Air  #.......     38%         3    ###....


Dungeon Overview and Level Annotations

Branches:
Dungeon (6/15)             Temple (1/1) D:4

Altars:
Ashenzari
Cheibriados
Dithmenos
Fedhas
Gozag
Hepliaklqana
Kikubaaqudgha
Makhleb
Nemelex Xobeh
Okawaru
Qazlal
Ru
Trog
Uskayaw
Vehumet
Wu Jian
Xom
Zin
The Shining One

Annotations:
D:3 Sigmund


Message History

The ogre misses you.
Casting: Pain
Confirm with . or Enter, or press ? or * to list all spells.
Aiming: Pain
Press: ? - help, Shift-Dir - straight line, f/p - ogre
Aim: an ogre, wielding a giant club (moderately wounded, chance to defeat MR: 84%)
The ogre writhes in agony!
Casting: Pain
Confirm with . or Enter, or press ? or * to list all spells.
Aiming: Pain
Press: ? - help, Shift-Dir - straight line, f/p - ogre
Aim: an ogre, wielding a giant club (severely wounded, chance to defeat MR: 84%)
The ogre writhes in agony!
The ogre barely misses you.
Casting: Pain
Confirm with . or Enter, or press ? or * to list all spells.
Aiming: Pain
Press: ? - help, Shift-Dir - straight line, f/p - ogre
Aim: an ogre, wielding a giant club (severely wounded, chance to defeat MR: 84%)
The ogre barely resists.
The ogre hits you with a giant club!
You die...

# ..## #..# #... .# ###...#
..# .....##.## . ..##...#
#@## .. ..#...## ##O## #.#
#......## ##.## #.#
#....../## #..#
#.###....##..# ##.##
#.......##..# #..###
##........#..# #....##
#............# ##.....##
...####........###........#


You could see an ogre.

Vanquished Creatures
  Prince Ribbit (D:5)
  A hippogriff (D:3)
  An ogre (D:4)
  A centaur (D:5)
  2 scorpions
  A hound (D:6)
  An orc priest (D:4)
  3 orc wizards
  2 worker ants
  A hound skeleton (D:5)
  4 gnolls (D:5)
  3 adders
  An adder zombie (D:5)
  A worm (D:1)
  A dart slug (D:1)
  5 leopard geckos
  13 orcs
  2 ball pythons
  7 bats
  4 giant cockroaches
  5 goblins
  7 hobgoblins
  10 jackals
  10 kobolds
  A quokka (D:3)
  7 frilled lizards
  8 rats
103 creatures vanquished.

Notes
Turn   | Place    | Note
-------+----------+-------------------------------------------
     0 | D:1      | Rrauwl the Deep Elf Necromancer began the quest for the Orb.
     0 | D:1      | Reached XP level 1. HP: 10/10 MP: 6/6
   427 | D:1      | Reached XP level 2. HP: 15/15 MP: 6/8
   468 | D:1      | Reached skill level 5 in Necromancy
   939 | D:1      | Reached XP level 3. HP: 9/19 MP: 2/9
  1328 | D:1      | Learned a level 3 spell: Regeneration
  1487 | D:2      | Reached skill level 1 in Fighting
  1524 | D:2      | Found a stormy altar of Qazlal.
  1625 | D:2      | Reached skill level 1 in Charms
  1903 | D:3      | Noticed a scorpion
  1903 | D:3      | Noticed a hippogriff
  1914 | D:3      | Killed a scorpion
  1914 | D:3      | Reached XP level 4. HP: 20/25 MP: 4/10
  1999 | D:3      | Killed a hippogriff
  1999 | D:3      | Reached skill level 7 in Necromancy
  1999 | D:3      | Reached XP level 5. HP: 4/29 MP: 1/11
  1999 | D:3      | Reached XP level 6. HP: 5/34 MP: 1/12
  2309 | D:3      | You fall through a shaft!
  2318 | D:4      | Found a staircase to the Ecumenical Temple.
  2327 | Temple   | Entered the Ecumenical Temple
  2705 | D:4      | Noticed an orc warrior
  3253 | D:3      | Reached skill level 8 in Necromancy
  3300 | D:3      | Found a stormy altar of Qazlal.
  3556 | D:3      | Found a shadowy altar of Dithmenos.
  3563 | D:3      | Found a sacrificial altar of Ru.
  3564 | D:3      | Found a bloodstained altar of Trog.
  3564 | D:3      | Found a hazy altar of Hepliaklqana.
  3566 | D:3      | Found a glowing golden altar of the Shining One.
  3567 | D:3      | Found a sparkling altar of Nemelex Xobeh.
  3568 | D:3      | Noticed Sigmund
  4212 | D:4      | Reached skill level 9 in Necromancy
  4596 | D:4      | Reached XP level 7. HP: 27/38 MP: 6/13
  4911 | D:4      | Learned a level 4 spell: Control Undead
  4912 | D:5      | Entered Level 5 of the Dungeon
  4969 | D:5      | Found a glowing silver altar of Zin.
  5128 | D:5      | HP: 1/38 [scorpion (5)]
  5791 | D:5      | Reached skill level 10 in Necromancy
  6000 | D:5      | Noticed Prince Ribbit
  6021 | D:5      | Killed Prince Ribbit
  6021 | D:5      | Reached skill level 1 in Bows
  6021 | D:5      | Reached skill level 1 in Evocations
  6217 | D:5      | Found an iron altar of Okawaru.
  6777 | D:6      | Learned a level 3 spell: Mephitic Cloud
  6836 | D:6      | Slain by an ogre

Vault maps used:
D:1:      dpeg_arrival_brainrot, st_stairs_9, minmay_tromino_v2
D:2:      first_bread, grunt_qazlal_sundering
D:3:      lemuel_doored_altar, minitemple, minmay_item_behind_shaft,
          uniq_sigmund
D:4:      minmay_temple_entry_junction
D:5:      lemuel_crystal_altar, zin_statuary, serial_park_tiny_1,
          uniq_prince_ribbit1
D:6:      lemuel_zombie_altar_yredelemnul, basic_altar, minmay_mini_ossuary
Temple:   jpeg_temple_alley_garden

Skill      XL: |  1  2  3  4  5  6  7 |
---------------+----------------------+-----
Stealth        | 3 |  3.1
Necromancy     | 5 7 9 10 | 10.5
Dodging        | 3 |  3.0
Fighting       | 1 |  1.0
Charms         | 3 |  3.0
Bows           | 1 |  1.9
Evocations     | 2 |  2.1
Spellcasting   | |  3.0

Action                   |  1- 3 |  4- 6 |  7- 9 || total
-------------------------+-------+-------+-------++-------
Melee: Unarmed           |     5 |     6 |       ||    11
       Hand axe          |     7 |       |       ||     7
       Mace              |       |    34 |    29 ||    63
       Falchion          |       |     9 |       ||     9
 Cast: Pain              |    72 |    76 |    50 ||   198
       Control Undead    |       |       |     4 ||     4
       Regeneration      |       |       |     2 ||     2
Evoke: Wand              |       |       |     9 ||     9
  Use: Scroll            |     7 |     3 |     2 ||    12
       Potion            |     4 |       |     3 ||     7
 Stab: Sleeping          |     1 |     1 |     1 ||     3
  Eat: Chunk             |     3 |     3 |     3 ||     9
       Meat ration       |       |     1 |     1 ||     2
Armor: Robe              |     4 |    12 |    10 ||    26
Dodge: Dodged            |    15 |    63 |    67 ||   145
       Rpst.: Falchion   |       |     4 |       ||     4
